 Dungeon Crawl Stone Soup version 0.29-a0-986-gdf0a18e (webtiles) character file.

Game seed: 5672919478839815072

50679 Illumine the Warrior (level 14, -7/202 HPs)
             Began as a Minotaur Wanderer on Aug 2, 2022.
             Was an Initiate of Gozag.
             Mangled by a white ugly thing (20 damage)
             ... in an ice cave.
             The game lasted 00:33:41 (23147 turns).

Illumine the Warrior (Minotaur Wanderer)           Turns: 23147, Time: 00:33:42

Health: -7/202     AC: 31    Str: 26    XL:     14   Next: 20%
Magic:  14/14      EV:  2    Int:  8    God:    Gozag
Gold:   1394       SH: 14    Dex: 11    Spells: 13/15 levels left

rFire   + . .      SeeInvis .   k - +8 mace "Jante" {vorpal, Str+4}
rCold   . . .      Faith    .   p - +0 kite shield
rNeg    . . .      Spirit   .   (body armour currently unavailable)
rPois   +          Reflect  +   (helmet currently unavailable)
rElec   .          Harm     .   (cloak currently unavailable)
rCorr   .          Rampage  .   (gloves currently unavailable)
Will    +....      NoTele   +   (boots currently unavailable)
Stlth   +.........              o - amulet of reflection
HPRegen 0.43/turn               d - +4 ring of protection
MPRegen 0.14/turn               e - ring of protection from fire

@: tree-form, slowed, very slow
A: stationary, stasis, torment immunity, boosted hp, (horns 2), (retaliatory
headbutt)
a: Renounce Religion, Potion Petition, Call Merchant, Bribe Branch


You were in an ice cave.
You worshipped Gozag.
Gozag was most pleased with you.
You were a tree.
You visited 4 branches of the dungeon, and saw 18 of its levels.
You also visited: Bailey, Ice Cave and Volcano.

You collected 6167 gold pieces.
You spent 821 gold pieces at shops.
You paid 3952 gold pieces to Gozag.

Inventory:

Hand Weapons
 k - the +8 mace "Jante" (weapon) {vorpal, Str+4}
   (You took it off a goblin on level 3 of the Dungeon)

   It inflicts extra damage upon your enemies.
   Str:       It affects your strength (+4).
 v - a +5 morningstar of holy wrath
 G - the +9 war axe "Hyleydat" {freeze, rN+}
   (You bought it in a shop on level 9 of the Dungeon)

   It freezes those it strikes, dealing additional cold damage.
   It can also slow down cold-blooded creatures.
   rN:        It protects you from negative energy.
 K - a +2 arbalest of flaming
Missiles
 y - 2 throwing nets
 Q - 2 javelins (quivered)
 T - 5 boomerangs of dispersal
 V - a silver boomerang
Armour
 a - a +1 cloak of cold resistance (melded)
 p - a +0 kite shield (worn)
 u - +0 ice dragon scales (melded)
 w - a +1 pair of gloves (melded)
 U - a +0 plate armour of willpower
Jewellery
 d - a +4 ring of protection (left branch)
 e - a ring of protection from fire (right branch)
 i - a ring of magical power
 o - an amulet of reflection (around neck)
 q - a ring of fire
 I - a ring of wizardry
 S - a ring of see invisible
Wands
 t - a wand of flame (16)
 C - a wand of polymorph (8)
Scrolls
 b - 4 scrolls of vulnerability
 g - 7 scrolls of teleportation
 j - a scroll of fear
 m - 4 scrolls of immolation
 n - 5 scrolls of magic mapping
 r - 2 scrolls of torment
 s - a scroll of enchant weapon
 D - 2 scrolls of summoning
 E - 2 scrolls of fog
 M - 3 scrolls of amnesia
 P - a scroll of silence
Potions
 c - 3 potions of attraction
 h - 4 potions of curing
 l - 5 potions of magic
 x - a potion of berserk rage
 z - a potion of lignification
 A - 5 potions of haste
 B - a potion of resistance {unknown}
 F - 2 potions of mutation
 H - 4 potions of flight
 J - 6 potions of ambrosia
 L - a potion of might {unknown}
 R - 2 potions of brilliance
Miscellaneous
 O - a phial of floods


   Skills:
 + Level 15.2 Fighting
 - Level 3.2(9.3) Axes
 - Level 13.5(14.0) Maces & Flails
 - Level 4.0(9.7) Staves
 - Level 5.0 Ranged Weapons
 - Level 15.0 Armour
 - Level 4.5 Dodging
 * Level 5.5 Shields
 - Level 1.0 Spellcasting
 - Level 2.1 Transmutations
 - Level 1.0 Air Magic
 - Level 10.0 Evocations


You had 13 spell levels left.
You knew the following spells:

 Your Spells              Type           Power      Damage    Failure   Level
a - Wereblood             Tmut           3%         N/A       56%         2

Your spell library contained the following spells:

 Spells                   Type           Power      Damage    Failure   Level
 Beastly Appendage        Tmut           6%         N/A       41%         1
 Sting                    Tmut/Pois      8%         1d3       56%         1
 Passwall                 Tmut/Erth      1%         N/A       71%         2
 Freeze                   Ice            0%         1d3       73%         1
 Magic Dart               Conj           0%         1d3       73%         1
 Necrotise                Necr           0%         1d4       73%         1
 Sandblast                Erth           0%         2d4       73%         1
 Poisonous Vapours        Pois/Air       2%         N/A       80%         2
 Static Discharge         Conj/Air       1%         3-4/arc   80%         2
 Searing Ray              Conj           0%         2d4       86%         2
 Sublimation of Blood     Necr           0%         N/A       86%         2
 Spider Form              Tmut/Pois      2%         N/A       91%         3
 Frozen Ramparts          Ice            0%         1d8       97%         3
 Stone Arrow              Conj/Erth      0%         3d7       97%         3
 Vampiric Draining        Necr           0%         2d6       97%         3
 Animate Armour           Summ/Erth      0%         N/A       100%        4
 Dispel Undead            Necr           0%         3d6       100%        4
 Fulminant Prism          Conj/Hex       0%         3d6       100%        4
 Hailstorm                Conj/Ice       0%         3d3       100%        4
 Iskenderun's Mystic Bla  Conj/Tloc      0%         2d3       100%        4
 Olgreb's Toxic Radiance  Pois           0%         N/A       100%        4
 Petrify                  Tmut/Erth      2%         N/A       100%        4
 Sticky Flame             Conj/Fire      0%         2d3       100%        4
 Agony                    Necr           0%         N/A       100%        5
 Irradiate                Conj/Tmut      1%         3d12      100%        5
 Lee's Rapid Deconstruct  Erth           0%         3d5*      100%        5
 Lehudib's Crystal Spear  Conj/Erth      0%         10d2      100%        8


Dungeon Overview and Level Annotations

Branches:
Dungeon (10/15)            Temple (1/1) D:5            Lair (5/5) D:10
 Shoals (0/4) Lair:2       Spider (0/4) Lair:2        Slime (0/5) Lair:5
    Orc (2/2) D:9             Elf (0/3) Orc:2        Bailey (visited)
  IceCv (1/1)             Volcano (visited)

Altars:
Elyvilon
Gozag
Hepliaklqana
Kikubaaqudgha
Nemelex Xobeh
Okawaru
Qazlal
Vehumet
The Shining One
Jiyva

Shops:
D:6 **?!*   D:9 (   Orc:1 [   Lair:4 ?

Annotations:
D:10 3 runed translucent doors, moogleknight's ghost, novice HuBe
Lair:2 exclusion: oklob plant
Lair:5 3 runed translucent doors, DispaterIsMyDaddy's ghost, adept DjEE


Innate Abilities, Weirdness & Mutations

You are a tree.
Your roots penetrate the ground, keeping you stationary.
You cannot be teleported.
You are immune to unholy pain and torment.
Your maximum health is greatly increased.
Your equipment is partially melded.
((You have a pair of horns on your head.))
((You reflexively headbutt those who attack you in melee.))


Message History

The white ugly thing claws you but does no damage.
You thump the white ugly thing!
The white ugly thing is heavily wounded.
The white ugly thing claws you.
* * * LOW HITPOINT WARNING * * *
The white ugly thing freezes you. You resist.
* * * LOW HITPOINT WARNING * * *
Unknown command.
You hit the ice devil but do no damage.
The white ugly thing claws you but does no damage.
Unknown command.
You feel much better. You block the freezing wraith's attack.
The freezing wraith hits you!
* * * LOW HITPOINT WARNING * * *
The freezing wraith drains your vigour!
You feel yourself slow down. You block the ice devil's attack.
The white ugly thing claws you but does no damage.
Unknown command.
Really quaff the potion of lignification?
You turn into a tree.
Your +1 cloak of cold resistance melds into your body.
Your +1 pair of gloves melds into your body.
Your +0 ice dragon scales melds into your body.
You feel less resistant to cold.
Your roots penetrate the ground.
The freezing wraith hits you but does no damage. x2
You block the ice devil's attack. The white ugly thing claws you.
* * * LOW HITPOINT WARNING * * *
The white ugly thing freezes you!!
* * * LOW HITPOINT WARNING * * *
The ice devil hits you but does no damage.
The freezing wraith hits you but does no damage.
You block the freezing wraith's attack.
Okay, then.
You hit the ice devil.
The ice devil is lightly wounded.
The white ugly thing claws you.
* * * LOW HITPOINT WARNING * * *
The white ugly thing freezes you!!
You die...
Your body crumbles into a pile of gold.

###### ###### ##.##$###
#####....######...$$..##
###.....#....##...#.##...#
#...#..#####4♣uZ#####....##
##..#### ###W## #......#
#######..## ### #....$...#
≈≈≈####...### #.........#
≈≈#.#.......####
#...####....
≈≈≈..........(.# #...#
#...# ≈≈##.........).# ##..
$ $$ ..## ≈≈##........8###
##. .## ≈###........##


You could see a white ugly thing (soul bound), an ice devil, a freezing wraith
and an elephant simulacrum.

Vanquished Creatures
  An ettin (Orc:1)
  7 hydras
  A two-headed ogre (D:8)
  Sonja (Orc:2)
  A lindwurm (Lair:5)
  Pikel (D:6)
  A necromancer (IceCv)
  3 orc knights
  2 orc sorcerers (Orc:2)
  5 elephants
  3 black mambas
  2 torpor snails (Lair:4)
  6 cane toads
  3 molten gargoyles (Lair:5)
  An ice statue (IceCv)
  2 yaktaurs (Volcano)
  A demonic crawler (Lair:4)
  5 freezing wraiths (IceCv)
  6 ice devils
  8 komodo dragons
  A queen bee (Lair:1)
  2 trolls
  2 polar bears
  Grinder (D:3)
  A tyrant leech (Lair:4)
  Prince Ribbit (D:6)
  7 blink frogs
  A jumping spider (Lair:2)
  2 shadows (D:10)
  A vampire (D:10)
  7 wyverns
  8 fire bats (Volcano)
  5 basilisks (Lair:5)
  59 yaks
  A redback (Lair:2)
  Eustachio (D:6)
  3 death yak simulacra (IceCv)
  3 steam dragons
  3 vampire mosquitoes (D:10)
  3 wargs (Orc:2)
  2 swamp worms (Lair:4)
  An acid dragon (D:8)
  7 water moccasins
  5 hell hounds (Lair:5)
  2 ice beasts (D:5)
  3 black bears
  29 orc warriors
  3 ogres
  A sky beast (D:7)
  15 wolves
  5 centaurs
  A phantom (D:5)
  A lemure (D:6)
  7 kobold brigands
  4 gnoll sergeants (D:9)
  8 bullfrogs
  A necrophage (D:4)
  3 scorpions
  3 cane toad simulacra (IceCv)
  A two-headed ogre simulacrum (IceCv)
  8 wights
  30 killer bees
  An electric eel (D:10)
  4 howler monkeys
  11 lava snakes
  7 orc priests
  2 hounds
  A jelly (D:6)
  3 iguanas
  18 orc wizards
  A spriggan simulacrum (IceCv)
  A troll simulacrum (IceCv)
  2 polar bear simulacra (IceCv)
  5 wolf simulacra (IceCv)
  13 gnolls
  7 adders
  2 naga simulacra (IceCv)
  A white imp (IceCv)
  3 ufetubi (D:5)
  2 worms
  69 orcs
  8 ball pythons
  6 endoplasms
  21 goblins
  13 hobgoblins
  7 jackals
  4 quokkas
  3 bats
  7 frilled lizards
  23 kobolds
  3 rats
560 creatures vanquished.

Vanquished Creatures (collateral kills)
  A hydra (Lair:5)
  Urug (Lair:5)
2 creatures vanquished.

Vanquished Creatures (others)
  An orc wizard (Orc:2)
  A bush (Lair:4)
  17 fungi
  31 plants
50 creatures vanquished.

Grand Total: 612 creatures vanquished

Notes
Turn   | Place    | Note
-------+----------+-------------------------------------------
     0 | D:1      | Illumine the Minotaur Wanderer began the quest for the Orb.
     0 | D:1      | Illumine set off with the following items: a +2
                  | quarterstaff, a +0 scale mail, a potion of attraction; and
                  | the following spells available to memorise: Poisonous
                  | Vapours, Static Discharge.
     0 | D:1      | Reached XP level 1. HP: 14/14 MP: 1/1
   126 | D:1      | Reached skill level 1 in Fighting
   229 | D:1      | Reached XP level 2. HP: 23/23 MP: 2/2
   860 | D:2      | Reached XP level 3. HP: 29/29 MP: 3/3
   924 | D:2      | Reached skill level 5 in Armour
  1048 | D:2      | Learned a level 2 spell: Wereblood
  1078 | D:2      | You fall into a shaft and drop 1 floor!
  1121 | D:2      | Found a faded altar of an unknown god.
  1504 | D:3      | Identified the +8 mace "Jante" {vorpal, Str+4}
  1577 | D:3      | Noticed Grinder
  1583 | D:3      | Paralysed by Grinder for 4 turns
  1603 | D:3      | Killed Grinder
  1604 | D:3      | Reached skill level 1 in Transmutations
  1604 | D:3      | Reached XP level 4. HP: 33/39 MP: 4/4
  1604 | D:3      | Reached XP level 5. HP: 38/45 MP: 5/5
  2042 | D:4      | Reached XP level 6. HP: 51/51 MP: 6/6
  2546 | D:4      | Reached skill level 5 in Maces & Flails
  2908 | D:4      | Reached XP level 7. HP: 60/60 MP: 7/7
  2914 | D:5      | Entered Level 5 of the Dungeon
  3172 | D:5      | Reached skill level 5 in Fighting
  3402 | D:5      | Reached XP level 8. HP: 69/69 MP: 8/8
  3535 | D:5      | Found a staircase to the Ecumenical Temple.
  3577 | Temple   | Entered the Ecumenical Temple
  3582 | Temple   | Became a worshipper of Gozag Ym Sagoz the Greedy
  3731 | D:6      | Found Morghecye's Distillery.
  3739 | D:6      | Bought a potion of heal wounds for 65 gold pieces
  3765 | D:6      | Found Geoc's General Store.
  4108 | D:6      | Found Lexoeji's General Store.
  4108 | D:6      | Noticed Prince Ribbit
  4136 | D:6      | Killed Prince Ribbit
  4343 | D:6      | Noticed Pikel
  4349 | D:6      | Killed Pikel
  4350 | D:6      | Reached XP level 9. HP: 70/79 MP: 9/9
  4398 | D:6      | Found Ciewia Userch's Magic Scroll Shop.
  4407 | D:6      | Bought a scroll of noise for 15 gold pieces
  4497 | D:6      | Noticed Eustachio
  4519 | D:6      | Killed Eustachio
  4775 | D:6      | Found Dapimiphe's Assorted Antiques.
  4797 | D:6      | Bought a pair of embroidered gloves for 150 gold pieces
  5735 | D:8      | Noticed a two-headed ogre
  5745 | D:8      | Killed a two-headed ogre
  5802 | D:8      | Reached XP level 10. HP: 68/90 MP: 10/10
  5815 | D:8      | Reached skill level 5 in Evocations
  6072 | D:8      | Reached skill level 10 in Maces & Flails
  6727 | D:9      | Found a flagged portal.
  6735 | Bailey   | Entered a bailey
  7022 | Bailey   | Noticed an orc knight
  7038 | Bailey   | Killed an orc knight
  7039 | Bailey   | Reached skill level 10 in Armour
  7256 | Bailey   | Noticed an orc warlord
  7381 | D:9      | Acquired 1087 gold pieces
  7617 | D:9      | Bought a crude war axe for 280 gold pieces
  7617 | D:9      | Identified the +9 war axe "Hyleydat" {freeze, rN+} (You
                  | bought it in a shop on level 9 of the Dungeon)
  7743 | D:9      | Reached skill level 10 in Fighting
  7878 | D:9      | Reached skill level 1 in Axes
  7891 | D:9      | Reached XP level 11. HP: 95/100 MP: 11/11
  7995 | D:9      | HP: 5/101 [poisoned by a kobold brigand]
  8648 | D:9      | Found a staircase to the Orcish Mines.
  8905 | D:10     | Entered Level 10 of the Dungeon
  8908 | D:10     | Found a hazy altar of Hepliaklqana.
  9043 | D:10     | Found an iron altar of Okawaru.
  9563 | D:10     | Found a staircase to the Lair.
  9973 | D:10     | Found a runed translucent gate.
  9973 | D:10     | Found a runed translucent gate.
  9973 | D:10     | Found a runed translucent gate.
  9974 | D:10     | Noticed a nine-headed hydra
  9975 | D:10     | Noticed moogleknight's ghost (novice HuBe)
 10284 | Lair:1   | Entered Level 1 of the Lair of Beasts
 11718 | Lair:1   | Noticed a four-headed hydra
 11739 | Lair:1   | Killed a four-headed hydra
 11740 | Lair:1   | Reached XP level 12. HP: 60/112 MP: 12/12
 12158 | Lair:2   | Found a dark tunnel.
 12163 | Volcano  | Entered a volcano
 12402 | Volcano  | Noticed a red draconian
 12403 | Volcano  | Noticed a centaur warrior
 12761 | Lair:2   | Found a staircase to the Shoals.
 12901 | Lair:2   | Found a hole to the Spider Nest.
 13513 | Lair:3   | Noticed a seven-headed hydra
 13524 | Lair:3   | Killed a seven-headed hydra
 14315 | Lair:3   | Noticed a six-headed hydra
 14325 | Lair:3   | Killed a six-headed hydra
 15366 | Lair:4   | Noticed a six-headed hydra
 15379 | Lair:4   | Killed a six-headed hydra
 15462 | Lair:4   | Reached XP level 13. HP: 49/122 MP: 13/13
 17110 | Lair:4   | Bought a scroll of silence for 133 gold pieces
 17110 | Lair:4   | Bought 3 scrolls of identify for 84 gold pieces
 17697 | Lair:5   | Entered Level 5 of the Lair of Beasts
 18147 | Lair:5   | Reached skill level 10 in Evocations
 18253 | Lair:5   | Found a runed translucent door.
 18258 | Lair:5   | Noticed DispaterIsMyDaddy's ghost (adept DjEE)
 18259 | Lair:5   | Identified the +2 trident "Maum" {venom, rElec rF- Str+4
                  | Stlth+}
 18265 | Lair:5   | Noticed Urug
 18286 | Lair:5   | Killed Urug
 18287 | Lair:5   | Reached skill level 1 in Ranged Weapons
 18827 | Lair:5   | Noticed a fire dragon
 18828 | Lair:5   | Found a large runed translucent door.
 19456 | Lair:5   | Found a large runed translucent door.
 20121 | Lair:5   | Found a staircase to the Slime Pits.
 20122 | Lair:5   | Found a viscous altar of Jiyva.
 20801 | Orc:1    | Entered Level 1 of the Orcish Mines
 20956 | Orc:1    | Found Pagronwer's Antique Armour Boutique.
 20994 | Orc:1    | Bought a kite shield for 94 gold pieces
 21212 | Orc:1    | Noticed an ettin
 21223 | Orc:1    | Killed an ettin
 21224 | Orc:1    | Reached skill level 1 in Shields
 21455 | Orc:1    | Reached skill level 15 in Armour
 21897 | Orc:2    | Entered Level 2 of the Orcish Mines
 21947 | Orc:2    | Reached XP level 14. HP: 76/127 MP: 14/14
 21955 | Orc:2    | Noticed Sonja
 21976 | Orc:2    | Killed Sonja
 22003 | Orc:2    | Found a frozen archway.
 22019 | Orc:2    | Reached skill level 5 in Ranged Weapons
 22341 | IceCv    | Entered an ice cave
 22640 | IceCv    | Reached skill level 15 in Fighting
 23099 | IceCv    | Reached skill level 5 in Shields
 23147 | IceCv    | Mangled by a white ugly thing

Illustrated notes

Levels and vault maps discovered:
D:1:      minmay_arrival_plants_in_alcoves, layout_basic
D:2:      layout_basic, shapermc_ecumenical_altar_notcrosses,
          grunt_decor_mini_mirrors
D:3:      layout_basic, uniq_grinder
D:4:      layout_loops_cross, kennysheep_opposing_triangles
D:5:      layout_rooms, minmay_temple_entry_nine_rooms, grunt_ministairs_9
D:6:      layout_basic, serial_shops, nicolae_lakefront_shop,
          nicolae_shop_temple_entry_statues_fountains, shop,
          nicolae_take_the_stairs, shop, uniq_pikel, uniq_eustachio,
          uniq_prince_ribbit1
D:7:      layout_rooms, palyth_stone_intersect
D:8:      layout_loops_cross
D:9:      layout_basic, kennysheep_orc_monster_closet_entryway, enter_bailey_3
D:10:     layout_loops_corners, nicolae_overflow_squiral, lair_entry_dummy,
          gammafunk_ghost_hydra_chop
Temple:   nicolae_temple_bog_church
Lair:1:   layout_roguey [special_room_bee], grunt_megastairs_1
Lair:2:   layout_regular_city, minmay_shoals_entry_centaurs,
          spider_nest_entry_a, enter_volcano_4, minmay_lair_oklob_bushes
Lair:3:   layout_cave_pods
Lair:4:   layout_cave_pods, worms_lemuel
Lair:5:   cheibrodos_lair_end_hotspot, layout_regular_city, slime_entry_1,
          ebering_ghost_funeral_grove, serial_bayou_pond_c, uniq_urug
Orc:1:    nicolae_orc_accident_1, layout_diamond_mine, serial_shops, shop
Orc:2:    st_orc_town, layout_caves, portal_ice_cave_demonic_guard, uniq_sonja,
          uniq_snorg
IceCv:    ice_cave_small_necro

Skill      XL: |  1  2  3  4  5  6  7  8  9 10 11 12 13 14 |
---------------+-------------------------------------------+-----
Fighting       | 1 2 3 4 5 7 8 10 11 13 14 15 | 15.2
Staves         | 3 4 |  4.0
Armour         | 5 6 7 9 10 12 13 15 | 15.0
Maces & Flails | 3 5 7 8 9 10 12 13 | 13.5
Transmutations | 1 2 |  2.1
Evocations     | 3 4 6 8 9 10 | 10.0
Axes           | 2 3 |  3.2
Ranged Weapons | 4 5 |  5.0
Dodging        | 4 |  4.5
Shields        | 2 5 |  5.5
Spellcasting   | |  1.0
Air Magic      | |  1.0

Action                   |  1- 3 |  4- 6 |  7- 9 | 10-12 | 13-15 || total
-------------------------+-------+-------+-------+-------+-------++-------
Melee: Quarterstaff      |    76 |       |       |       |       ||    76
       Headbutt          |    10 |     7 |    27 |    97 |   139 ||   280
       Mace              |     4 |    71 |   172 |   572 |   486 ||  1305
       Punch             |       |       |     1 |     8 |     6 ||    15
       War axe           |       |       |       |    59 |     8 ||    67
       Morningstar       |       |       |       |       |    69 ||    69
Throw: Throwing net      |       |       |     1 |     1 |     2 ||     4
       Javelin           |       |       |       |       |     5 ||     5
Invok: Potion Petition   |       |       |       |     3 |     3 ||     6
       Call Merchant     |       |       |       |     1 |     1 ||     2
Evoke: Wand              |       |       |     1 |    14 |       ||    15
  Use: Scroll            |       |       |    10 |    10 |    12 ||    32
       Potion            |       |       |       |     2 |     3 ||     5
 Stab: Held in net/web   |       |       |     2 |       |       ||     2
       Distracted        |       |       |       |     3 |     6 ||     9
Armor: Scale mail        |    40 |    11 |       |       |       ||    51
       Chain mail        |       |    24 |    83 |   265 |   138 ||   510
       Plate armour      |       |       |       |       |    65 ||    65
       Ice dragon scales |       |       |       |       |    11 ||    11
       Skin              |       |       |       |       |     4 ||     4
Dodge: Dodged            |    30 |    17 |    55 |   216 |   157 ||   475
Block: Other             |       |    10 |    28 |   123 |    65 ||   226
       Reflection        |       |       |       |     9 |     6 ||    15
       Kite shield       |       |       |       |       |   141 ||   141

Table legend: (Time is in decaauts)
 A = Elapsed time spent in this place.
 B = Non-inter-level travel time spent in this place.
 C = Inter-level travel time spent in this place.
 D = Time resting spent in this place.
 E = Time spent auto-exploring this place.
 F = Levels seen in this place.
 G = Mean time per level.
                   A        B        C        D        E       F      G
               +--------+--------+--------+--------+--------+-----+--------+
         Total |  22985 |  22282 |    703 |   3784 |  14362 |  21 | 1094.5 |
       Dungeon |   9757 |   9393 |    364 |   1006 |   6778 |  10 |  975.7 |
        Temple |     10 |     10 |      0 |      0 |      0 |   1 |   10.0 |
          Lair |   9953 |   9645 |    308 |   1597 |   6777 |   5 | 1990.6 |
  Orcish Mines |   1473 |   1442 |     31 |    585 |    492 |   2 |  736.5 |
        Bailey |    640 |    640 |      0 |    202 |     82 |   1 |  640.0 |
      Ice Cave |    800 |    800 |      0 |    357 |    133 |   1 |  800.0 |
       Volcano |    349 |    349 |      0 |     36 |     99 |   1 |  349.0 |
               +--------+--------+--------+--------+--------+-----+--------+

Top non-repeatable levels by time:
  Lair:4: 3251 daAuts
  Lair:5: 2480 daAuts
  Lair:1: 1819 daAuts
     D:9: 1646 daAuts
     D:6: 1529 daAuts
    D:10: 1409 daAuts
  Lair:3: 1375 daAuts
  Lair:2: 1026 daAuts
   Orc:1: 1014 daAuts
     D:8: 969 daAuts
     D:4: 883 daAuts
   IceCv: 800 daAuts
     D:1: 774 daAuts
     D:5: 721 daAuts
     D:3: 671 daAuts
